AoeStats
← bigoteuru

Arabian Desert

510207335Analyzed
1v1 RM · 15h ago on Sep 29, 2026· 50m 14s· 2 players
Game mode
Random Map
Map size
Tiny (2 player)
Population
200
Speed
Normal
Resources
Standard
Victory
Conquest
Starting age
Dark Age
Ending age
Imperial Age
RankedLock teamsTeams togetherTeam positionsShared explorationLock speedFull tech treeHidden civsTurbo modeCheats
Victory
Defeat
🇺🇸 Teutons · United States
647
+11
🇦🇷 Byzantines · Argentina
525
-11
bigoteuru
3:32 Loom
9:39 Feudal Age
10:08 Double-Bit Axe
14:28 Gold Mining
19:29 Castle Age
17:29 Horse Collar
24:10 Crossbowman
26:42 Bow Saw
27:49 Gold Mining
31:45 Imperial Age
30:36 Stone Mining
30:49 Heavy Plow
49:41 Spies/Treason
Sr Ferchonidas
11:57 Feudal Age
12:31 Loom
13:21 Wheelbarrow
14:47 Horse Collar
14:57 Double-Bit Axe
21:15 Gold Mining
23:54 Castle Age
25:18 Squires
24:39 Pikeman
26:31 Bow Saw
26:24 Heavy Plow
27:24 Thumb Ring
30:24 Forging
30:06 Fletching
30:17 Padded Archer Armor
30:25 Scale Barding Armor
32:41 Gold Shaft Mining
Connection lost

Rejoining the realm…

Still unreachable

The connection could not be restored.

Session expired

The server has moved on; the page needs a fresh start.